 Dungeon Crawl Stone Soup version 0.13.0-15-g9204fa6 (webtiles) character file.

7234 Malachi the Spear-Bearer (level 10, -4/82 HPs)
             Began as a Centaur Hunter on Oct 20, 2013.
             Slain by an orc warrior
             ... wielding a +0,+0 orcish battleaxe
              (17 damage)
             ... on Level 10 of the Dungeon.
             The game lasted 00:32:20 (11574 turns).

Malachi the Spear-Bearer (Centaur Hunter)          Turns: 11574, Time: 00:32:21

HP  -4/82        AC 13     Str 19      XL: 10   Next: 73%
MP   6/6         EV  4     Int 12      God:
Gold 579         SH  0     Dex 12      Spells:  0 memorised,  9 levels left

Res.Fire  : . . .   See Invis. : .   a - +1,+0 orc glaive
Res.Cold  : . . .   Warding    : .   o - +0 scale mail
Life Prot.: . . .   Conserve   : .   (no shield)
Res.Poison: .       Res.Corr.  : .   (no helmet)
Res.Elec. : .       Clarity    : .   q - +1 orc cloak
Sust.Abil.: . .     Spirit.Shd : .   (no gloves)
Res.Mut.  : .       Stasis     : .   d - +1 centaur barding {Stlth+}
Res.Rott. : .       Flight     : .   (no amulet)
Saprovore : . . .                    (no ring)
                                     J - ring of regeneration

@: mighty, very quick, somewhat resistant to hostile enchantments, very
unstealthy
A: hooves 3, deformed body, herbivore 1, speed 2, fast metabolism 1, sense
surroundings 1, tough skin 3, Int +2, Dex -2
a: no special abilities


You were on level 10 of the Dungeon.
You were hungry.

You visited 2 branches of the dungeon, and saw 11 of its levels.

You collected 559 gold pieces.

Inventory:

Hand weapons
 a - a +1,+0 orcish glaive (weapon)
 b - a +1,+1 bow
Missiles
 c - 128 arrows
 t - 9 javelins (quivered)
 v - 15 poisoned arrows
Armour
 d - a +1 centaur barding of stealth (worn)
 o - a +0 scale mail (worn)
 q - a +1 orcish cloak (worn)
Magical devices
 g - a wand of slowing (5)
 k - a wand of enslavement (11) {unknown}
 F - a wand of frost (3)
Comestibles
 f - 10 bread rations
 u - 6 meat rations
 C - 2 beef jerkies
 K - 6 cheeses
Scrolls
 e - a scroll of identify
 i - 7 scrolls of teleportation
 l - 9 scrolls of blinking
 m - a scroll of curse jewellery {unknown}
 n - 2 scrolls of fog
 s - a scroll of amnesia
 w - 3 scrolls of remove curse
 z - a scroll of enchant armour {unknown}
 I - a scroll of immolation {unknown}
Jewellery
 j - a +5 ring of intelligence {unknown}
 J - a ring of regeneration (left hand)
Potions
 A - 4 potions of restore abilities
 E - 2 potions of agility
Books
 h - a book of the Tempests

   Spells                             Type                      Level
   Static Discharge                   Conjuration/Air              3
   Lightning Bolt                     Conjuration/Air              5
   Fireball                           Conjuration/Fire             5
   Tornado                            Air                          9
   Shatter                            Earth                        9
 p - a book of Frost

   Spells                             Type                      Level
   Freeze                             Ice                          1
   Throw Frost                        Conjuration/Ice              2
   Ozocubu's Armour                   Charms/Ice                   3
   Throw Icicle                       Conjuration/Ice              4
   Summon Ice Beast                   Ice/Summoning                4
   Condensation Shield                Ice                          4
 x - a book of Conjurations

   Spells                             Type                      Level
   Magic Dart                         Conjuration                  1
   Searing Ray                        Conjuration                  2
   Dazzling Spray                     Conjuration/Hexes            3
   Iskenderun's Mystic Blast          Conjuration                  4
   Iskenderun's Battlesphere          Conjuration/Charms           4
   Fulminant Prism                    Conjuration/Hexes            5
 B - a book of the Earth

   Spells                             Type                      Level
   Dig                                Earth                        4
   Leda's Liquefaction                Hexes/Earth                  4
   Bolt of Magma                      Conjuration/Fire/Earth       5
   Statue Form                        Transmutation/Earth          6
   Iron Shot                          Conjuration/Earth            6
   Shatter                            Earth                        9
 D - a book of Unlife

   Spells                             Type                      Level
   Recall                             Summoning/Translocation      3
   Animate Dead                       Necromancy                   4
   Control Undead                     Necromancy                   4
   Twisted Resurrection               Necromancy                   5
   Death Channel                      Necromancy                   6
   Simulacrum                         Ice/Necromancy               6
Rods
 y - a -3 rod of venom (5/11)
   (You found it on level 5 of the Dungeon)


   Skills:
 + Level 7.3 Fighting
 + Level 0.1 Maces & Flails
 * Level 11.4 Polearms
 + Level 11.0 Bows
 - Level 1.4 Dodging
 - Level 0.5 Stealth


You had 9 spell levels left.
You didn't know any spells.

Dungeon Overview and Level Annotations

Branches:
Dungeon (10/27)            Temple (1/1) D:7             Orc (0/4) D:8
   Lair: D:8-13

Altars:
Ashenzari
Elyvilon
Fedhas
Kikubaaqudgha
Makhleb
Nemelex Xobeh
Trog
Vehumet
Xom
Yredelemnul
Zin
the Shining One

Shops:
D:8 ?

Annotations:
D:10 Josephine


Innate Abilities, Weirdness & Mutations

You have hooves in place of feet.
Armour fits poorly on your strangely shaped body.
You digest meat inefficiently.
You cover ground very quickly.
You have a fast metabolism.
You have extremely tough skin (AC +3).
Your mind is acute. (Int +2)
You are clumsy. (Dex -2)
You passively map a small area around you.


Message History

You see here a stone.
The orc warrior zaps a wand.
The bolt of lightning hits you!
The orc warrior zaps a wand.
The bolt of lightning hits you!
The bolt of lightning hits the sky beast.
The sky beast completely resists.
The orc warrior zaps a wand.
The bolt of lightning hits you!
* * * LOW HITPOINT WARNING * * *
The sky beast flickers out of sight!
Deactivating autopickup; reactivate with Ctrl-A.
The orc warrior barely misses you.
You slash the orc warrior! Your kick misses the orc warrior.
The orc warrior is moderately wounded.
The orc warrior zaps a wand.
The bolt of lightning hits you!
* * * LOW HITPOINT WARNING * * *
The bolt of lightning hits something.
Drink which item? (? for menu, Esc to quit)
You feel very mighty all of a sudden. It hits you but does no damage.
The orc warrior hits you with an orcish battleaxe!
You die...

.......# ####+#.........#
...(...# #..............# ,
.......# , , #.............
.......#, ,#........#*
.......# ,#........# ,
.......# #........+ *
.......#######........# , ,
..........≈%.........<# ,
.........≈.....o@..(..#####.
(o((..((((((...(..%......(...
..................).........
...............(............
######......................,
#..################### #..#
#..# * ####


You could see an orc warrior.

Vanquished Creatures
  A hill giant (D:9)
  2 trolls (D:9)
  2 yaks
  Grum (D:9)
  A steam dragon (D:10)
  2 hippogriffs (D:8)
  Edmund (D:5)
  2 wolves (D:9)
  A necrophage (D:9)
  2 black bears (D:9)
  2 ice beasts
  A human (D:8)
  A sky beast (D:8)
  2 centaurs
  6 orc warriors
  6 ogres
  Duvessa (D:7)
  A crocodile (D:10)
  5 giant frogs
  A troll skeleton (D:9)
  A wight (D:10)
  12 killer bees
  2 jellies
  8 crimson imps
  3 goliath beetles
  Dowan (D:7)
  A centaur skeleton (D:9)
  4 hounds
  2 quasits
  A gnoll shaman (D:4)
  2 orc priests
  6 orc wizards
  3 iguanas
  5 worker ants
  2 scorpions
  4 sheep (D:8)
  Ijyb (D:7)
  A big kobold skeleton (D:9)
  2 mummies (D:8)
  A worker ant zombie (D:9)
  5 gnolls
  10 adders
  A giant centipede (D:9)
  A giant mite (D:5)
  4 worms
  An iguana skeleton (D:4)
  A giant centipede zombie (D:7)
  2 giant eyeballs
  4 giant geckos
  2 oozes (D:3)
  29 orcs
  2 ball pythons
  17 bats
  2 bat skeletons (D:5)
  4 giant cockroaches
  11 hobgoblins
  10 jackals
  15 kobolds
  6 quokkas
  A giant gecko zombie (D:1)
  3 giant newts
  13 goblins
  2 kobold zombies
  An orc zombie (D:10)
  A quokka zombie (D:6)
  12 rats
263 creatures vanquished.

Vanquished Creatures (others)
  A kobold (D:10)
  A butterfly (D:8)
2 creatures vanquished.

Grand Total: 265 creatures vanquished

Notes
Turn   | Place    | Note
--------------------------------------------------------------
     0 | D:1      | Malachi, the Centaur Hunter, began the quest for the Orb.
     0 | D:1      | Reached XP level 1. HP: 17/17 MP: 0/0
   287 | D:1      | Reached XP level 2. HP: 24/24 MP: 1/1
   609 | D:1      | Reached XP level 3. HP: 22/29 MP: 2/2
  1184 | D:2      | Found a bloodstained altar of Trog.
  1921 | D:2      | Reached skill level 1 in Polearms
  2405 | D:3      | Reached XP level 4. HP: 20/37 MP: 2/2
  2889 | D:3      | Reached XP level 5. HP: 38/44 MP: 3/3
  3149 | D:4      | Noticed an ogre
  3154 | D:4      | Killed an ogre
  3154 | D:4      | Reached XP level 6. HP: 51/51 MP: 4/4
  3192 | D:4      | Found an ancient bone altar of Kikubaaqudgha.
  3397 | D:4      | Paralysed by a giant eyeball for 2 turns
  3797 | D:4      | Noticed an ogre
  3833 | D:4      | Killed an ogre
  4127 | D:5      | Entered Level 5 of the Dungeon
  4160 | D:5      | Noticed Edmund
  4234 | D:5      | Killed Edmund
  4234 | D:5      | Reached skill level 5 in Polearms
  4234 | D:5      | Reached XP level 7. HP: 50/58 MP: 4/4
  4293 | D:5      | Identified a -3 rod of venom (11/11) (You found it on level 5 of the Dungeon)
  5201 | D:6      | Reached skill level 5 in Fighting
  5242 | D:6      | Reached skill level 6 in Polearms
  5766 | D:6      | Reached XP level 8. HP: 58/66 MP: 5/5
  6323 | D:7      | Reached skill level 7 in Polearms
  6610 | D:7      | Found a glowing golden altar of the Shining One.
  6669 | D:7      | Noticed Duvessa
  6670 | D:7      | Noticed Dowan
  6738 | D:7      | Killed Duvessa
  6761 | D:7      | Killed Dowan
  7049 | D:7      | Noticed Ijyb
  7087 | D:7      | Killed Ijyb
  7104 | D:7      | Found a staircase to the Ecumenical Temple.
  7246 | Temple   | Entered the Ecumenical Temple
  7795 | D:8      | Reached skill level 8 in Polearms
  7842 | D:8      | Gained mutation: Your muscles are strong. (Str +2) [potion of mutation]
  7842 | D:8      | Gained mutation: Your mind is acute. (Int +2) [potion of mutation]
  8501 | D:8      | Reached XP level 9. HP: 41/72 MP: 6/6
  8563 | D:8      | Reached skill level 9 in Polearms
  8735 | D:8      | Found a staircase to the Orcish Mines.
  9038 | D:8      | Found a basalt altar of Yredelemnul.
  9134 | D:8      | Found Thiwkix's Magic Scroll Boutique.
  9235 | D:8      | Found a burning altar of Makhleb.
  9347 | D:8      | Identified a scroll of acquirement
  9467 | D:8      | Paralysed by a giant eyeball for 4 turns
  9919 | D:9      | Reached skill level 10 in Polearms
 10069 | D:9      | Reached XP level 10. HP: 81/81 MP: 6/6
 10600 | D:9      | Reached skill level 10 in Bows
 10886 | D:10     | Entered Level 10 of the Dungeon
 11169 | D:10     | Noticed Josephine
 11217 | D:9      | Gained mutation: You are clumsy. (Dex -2) [potion of mutation]
 11217 | D:9      | Lost mutation: Your muscles are strong. (Str +2) [potion of mutation]
 11217 | D:9      | Gained mutation: You passively map a small area around you. [potion of mutation]
 11219 | D:10     | Noticed Grum
 11318 | D:9      | Killed Grum
 11401 | D:10     | Reached skill level 11 in Polearms
 11461 | D:10     | Noticed a hill giant
 11554 | D:9      | Killed a hill giant
 11574 | D:10     | Slain by an orc warrior

Action                   |  1- 3 |  4- 6 |  7- 9 | 10-12 || total
-------------------------+-------+-------+-------+-------++-------
Melee: Short sword       |    40 |       |       |       ||    40
       Spear             |   176 |    99 |   386 |       ||   661
       Rod               |       |       |     1 |       ||     1
       Great mace        |       |       |     1 |       ||     1
       Glaive            |       |       |   131 |   168 ||   299
 Fire: Bow               |    22 |    46 |   169 |    43 ||   280
Throw: Javelin           |     8 |     6 |     5 |       ||    19
       Spear             |     1 |       |       |       ||     1
Evoke: Wand              |       |       |     3 |       ||     3
       Rod               |       |       |     5 |     1 ||     6
  Use: Potion            |       |     3 |     3 |     4 ||    10
       Scroll            |       |    11 |    11 |       ||    22
 Stab: Distracted        |       |     1 |       |       ||     1
